 Dungeon Crawl Stone Soup: Circus Animals version 1.7-37-g2c94cca (webtiles) character file.

33 Ihatecarrots00 the Chopper (level 5, 88/88 HPs) *EASY*
             Began as a Minotaur Berserker on Nov 1, 2016.
             Was a High Priest of Trog.
             Quit the game on level 4 of the Dungeon on May 3, 2017.
             The game lasted 00:13:17 (5347 turns).

Ihatecarrots00 the Chopper (Minotaur Berserker)     Turns: 5347, Time: 00:13:17

Health: 88/88      AC: 11    Str: 22    XL:     5   Next: 84%
Magic:  75/75      EV:  7    Int:  4    God:    Trog [*****.]
Gold:   297        SH:  0    Dex: 10    Spells: 0 memorised, 4 levels left

rFire  . . .     rPois    .     a - +1 hand axe
rCold  . . .     rElec    .     h - +1 chain mail
rNeg   . . .     rCorr    .     (no shield) MagicSh . . . SeeInvis .
                                (helmet restricted) StaminaSh . . . Faith .
                                (no cloak) RegenHP +++.......
SustAt .                        (no gloves) RegenSP +++....... Dismiss .
                                (no boots) RegenMP +++....... Reflect .
                                (no amulet)
MR     .....     Harm     .     (no ring)
Stlth  ..........               (no ring)

@: slow, not resistant to hostile enchantments, extremely unstealthy
A: retaliatory headbutt, horns 2
a: Berserk, Trog's Hand, Brothers in Arms, Burn Spellbooks, Renounce Religion


You were on level 4 of the Dungeon.
You worshipped Trog.
Trog was extremely pleased with you.
You were not hungry.

You visited 1 branch of the dungeon, and saw 4 of its levels.

You collected 297 gold pieces.

Inventory:

Hand Weapons
 a - a +1 hand axe (weapon)
Armour
 b - a +0 animal skin
 e - a +0 ring mail
 h - a +1 chain mail (worn)
 j - a +1 cloak
Jewellery
 c - an uncursed ring of stamina {unknown}
 d - an uncursed ring of flight {unknown}
 f - an uncursed ring of positive energy {unknown}
 g - a +2 ring of evasion {unknown}
Wands
 i - a wand of slowing (19/48)
Scrolls
 i - a scroll of magic mapping
 j - a scroll of random uselessness
 k - a scroll of noise
 m - 3 scrolls of teleportation
 n - 3 scrolls of enchant armour
Potions
 a - 4 potions of heal wounds
 b - 6 potions of stamina
 c - 7 potions of magic
 d - 3 potions of cancellation
 e - 5 potions of degeneration {unknown}
 f - 4 potions of cure mutation {unknown}
 g - 2 potions of flight {unknown}
 l - 5 potions of might {unknown}
 o - 2 potions of curing {unknown}
 p - a potion of mutation {unknown}
 q - a potion of agility {unknown}
 r - a potion of ambrosia {unknown}
 t - a potion of lignification {unknown}
 u - a potion of haste {unknown}
 v - 4 potions of brilliance {unknown}


   Skills:
 + Level 4.9 Fighting
 + Level 5.3 Axes
 + Level 3.3 Armour
 + Level 3.0 Dodging


You had 4 spell levels left.
You didn't know any spells.

Dungeon Overview and Level Annotations

Branches:
Dungeon (4/7)

Altars:
Cheibriados
Dithmenos
Fedhas
Gozag
Hepliaklqana
Makhleb
Pakellas
Qazlal
Sif Muna
Vehumet
Xom
The Shining One
Jiyva

Annotations:
D:4 Edmund


Innate Abilities, Weirdness & Mutations

You reflexively headbutt those who attack you in melee.
You have a pair of horns on your head.


Message History

You should not fight recklessly!
No target in view!
No target in view!
You should not fight recklessly!
No target in view!
Exploring the dungeon...
You see here a dart slug corpse.
Key pressed, stopping explore.
Exploring the dungeon...
Key pressed, stopping explore.
Exploring the dungeon...
Key pressed, stopping explore.
Exploring the dungeon...
Key pressed, stopping explore.
Exploring the dungeon...
Key pressed, stopping explore.
Exploring the dungeon...
Edmund the Younger comes into view. (hp=45, hd=2) He is wielding a flail of pain.
Edmund shouts!
Are you sure you want to abandon this character and quit the game? (Confirm with "yes".)

#..............#
##.............#
##............###
#..............##
##....##......>.##
****
##..####........#
***** *,,** ##..##
##........ ,,,,*
*,,,**##..##
##....... ,,,,*
*,,,,*#.@##
##...(.. ,,,,*
*,,,,,#.## ##.....
,,,,* **,,,,...*
#..... ,,,,*
*,,,.....** ##....
,,,,* *,.......,**
##... ,,,**
*,.......,,* ##..
,,,* *,......@,**
##. ,,,*
*,.......** #.
,,,*****,,,,,,,**
##


You could see Edmund.

Vanquished Creatures
  A phantom (D:4)
  3 scorpions (D:4)
  4 dart slugs
  A hound (D:4)
  An orc priest (D:3)
  An orc wizard (D:3)
  7 giant geckos
  An iguana (D:4)
  5 orcs
  5 worker ants
  21 adders
  15 bats
  3 giant cockroaches
  2 gnolls (D:2)
  8 goblins
  9 hobgoblins
  9 jackals
  5 kobolds
  4 quokkas
  5 ball pythons
  7 giant newts
  5 oozes
  A quokka skeleton (D:4)
  9 rats
  4 worms
136 creatures vanquished.

Notes
Turn   | Place    | Note
-------+----------+-------------------------------------------
     0 | D:1      | Ihatecarrots00 the Minotaur Berserker began the quest for the Orb.
     0 | D:1      | Reached XP level 1. HP: 39/39 MP: 75/75
   131 | D:1      | Reached XP level 2. HP: 51/51 MP: 75/75
   213 | D:1      | Reached XP level 3. HP: 63/63 MP: 75/75
   252 | D:1      | Reached ** piety under Trog
   252 | D:1      | Reached skill level 5 in Axes
   902 | D:2      | Reached XP level 4. HP: 73/76 MP: 75/75
   991 | D:2      | Reached *** piety under Trog
  1350 | D:2      | Found a burning altar of Makhleb.
  1533 | D:3      | Found a radiant altar of Vehumet.
  1775 | D:3      | Reached **** piety under Trog
  2252 | D:3      | Reached XP level 5. HP: 88/88 MP: 75/75
  3513 | D:3      | Found a deep blue altar of Sif Muna.
  4087 | D:4      | Found a stormy altar of Qazlal.
  4093 | D:4      | Found a hazy altar of Hepliaklqana.
  4097 | D:4      | Found a blossoming altar of Fedhas.
  4135 | D:4      | Reached ***** piety under Trog
  4245 | D:4      | Found a snail-covered altar of Cheibriados.
  4293 | D:4      | Found a shadowy altar of Dithmenos.
  4294 | D:4      | Found a glowing golden altar of the Shining One.
  4294 | D:4      | Found an opulent altar of Gozag.
  4863 | D:4      | Found a faded altar of an unknown god.
  4864 | D:4      | Found a shimmering altar of Xom.
  4865 | D:4      | Found a faded altar of an unknown god.
  4865 | D:4      | Found a viscous altar of Jiyva.
  5165 | D:4      | Found an oddly glowing altar of Pakellas.
  5346 | D:4      | Noticed Edmund
  5347 | D:4      | Quit the game

Skill      XL: |  1  2  3  4  5 |
---------------+----------------+-----
Axes           | 5 |  5.3
Armour         | 3 |  3.3
Dodging        | 3 |  3.0
Fighting       | |  4.9

Action                   |  1- 3 |  4- 6 || total
-------------------------+-------+-------++-------
Melee: Hand axe          |    72 |   288 ||   360
       Headbutt          |     9 |    52 ||    61
  Use: Scroll            |       |    10 ||    10
Armor: Animal skin       |    10 |     5 ||    15
       Chain mail        |       |    65 ||    65
Dodge: Dodged            |    51 |   196 ||   247
